 Dungeon Crawl Stone Soup version 0.18-a0-1577-gf591c28 (webtiles) character file.

23 Duffy the Sneak (level 3, 28/28 HPs)
             Began as a Naga Enchanter on Mar 18, 2016.
             Quit the game on level 1 of the Dungeon.
             The game lasted 00:01:43 (906 turns).

Duffy the Sneak (Naga Enchanter)                     Turns: 906, Time: 00:01:43

Health: 28/28      AC:  3    Str: 11    XL:     3   Next: 0%
Magic:  6/6        EV: 10    Int: 15    God:
Gold:   30         SH:  0    Dex: 11    Spells: 2 memorised, 3 levels left

rFire  . . .     SeeInvis +     a - +1 dagger
rCold  . . .     Gourm    .     b - +1 robe
rNeg   . . .     Faith    .     (no shield)
rPois  +         Spirit   .     (no helmet)
rElec  .         Dismiss  .     (no cloak)
rCorr  .         Reflect  .     (no gloves)
SustAt .         Harm     .     (no barding)
MR     .....                    (no amulet)
Stlth  +++.......               (no ring)
                                (no ring)

@: very slow, not resistant to hostile enchantments, fairly stealthy
A: see invisible, deformed body, poison resistance, slowness 2, slow metabolism
1, spit poison 2, AC +1
a: Spit Poison


You were on level 1 of the Dungeon.
You were not hungry.

You visited 1 branch of the dungeon, and saw 1 of its levels.

You collected 30 gold pieces.


Innate Abilities, Weirdness & Mutations

You cannot wear boots.
Your serpentine skin is tough (AC +1).
You have supernaturally acute eyesight.
Armour fits poorly on your strangely shaped body.
Your system is resistant to poisons.
You cover ground very slowly.
You have a slow metabolism.
You can spit poison.


   Skills:
 - Level 2.0 Short Blades
 - Level 1.5 Dodging
 - Level 5.0 Stealth
 + Level 2.1 Spellcasting
 + Level 3.1 Hexes


You had 3 spell levels left.
You knew the following spells:

 Your Spells              Type           Power        Failure   Level  Hunger
a - Ensorcelled Hibernat  Hex/Ice        #.....       17%         2    ###....
r - Corona                Hex            ##.....      8%          1    #......

Inventory:

Hand Weapons
 a - a +1 dagger (weapon)
Missiles
 j - 8 poisoned needles
Armour
 b - a +1 robe (worn)
Scrolls
 f - a scroll of identify {unknown}
 k - a scroll of remove curse {unknown}
Potions
 e - a potion of cure mutation {unknown}
 g - 2 potions of heal wounds {unknown}
Books
 c - a book of Maledictions
Comestibles
 d - 2 bread rations
 h - a meat ration
 i - a slice of pizza

Dungeon Overview and Level Annotations

Branches:
Dungeon (1/15)

Altars:


Message History

No target in view!
No target in view!
No target in view!
No target in view!
No target in view!
No target in view!
No target in view!
No target in view!
No target in view!
No target in view!
No target in view!
No target in view!
No target in view!
No target in view!
No target in view!
No target in view!
You open the door.
There is an open door here.
You open the door.
A jackal comes into view.
Found 16 gold pieces.
A jackal is nearby!
There is an open door here.
A jackal comes into view.
The helpless jackal fails to defend itself.
You impale the jackal!!
You kill the jackal!
You have reached level 3!
Your experience leads to an increase in your attributes!
Increase (S)trength, (I)ntelligence, or (D)exterity?
You feel stronger.
Your skin feels tougher.
Drop what? 11/52 slots (_ for help) (? for menu, Esc to quit)
Okay, then.
Unknown command.
Are you sure you want to abandon this character and quit the game? (Confirm with "yes".)

##.####.## .. #.#
#... #. #.# #.## # #.
##+## #.# .##.
##...###.## ...
##.....##... ##.##
##.......####
##...####.........###
#.$.@...'.........+..
##...####.........###
#..#.. ##.......##
#.###.# ##.....#####
#h .# ##...## #.. #
## ##'## #.# #.# #.#
#.# #.# ##.#####.#


You could see a jackal (sleeping).

Action                   || total
-------------------------++-------
Melee: Dagger            ||    32
 Abil: Spit Poison       ||    14
 Stab: Sleeping          ||     5

Notes
Turn   | Place    | Note
--------------------------------------------------------------
     0 | D:1      | Duffy the Naga Enchanter began the quest for the Orb.
     0 | D:1      | Reached XP level 1. HP: 15/15 MP: 3/3
   352 | D:1      | Reached XP level 2. HP: 22/22 MP: 5/5
   356 | D:1      | Learned a level 2 spell: Ensorcelled Hibernation
   481 | D:1      | Reached skill level 2 in Short Blades
   569 | D:1      | Reached skill level 5 in Stealth
   905 | D:1      | Reached XP level 3. HP: 28/28 MP: 6/6
   906 | D:1      | Quit the game

Vault maps used:
D:1:      lemuel_arrival_cross

Vanquished Creatures
  A dart slug
  A giant gecko
  2 ball pythons
  2 bats
  A giant cockroach
  A goblin
  2 hobgoblins
  A jackal
  A giant newt
  4 kobolds
  3 rats
19 creatures vanquished.
